AoeStats
← juanse071213

Arena

508105079Analyzed
1v1 RM · 11d ago on Sep 20, 2026· 44m 41s· 2 players
Game mode
Random Map
Map size
Tiny (2 player)
Population
200
Speed
Normal
Resources
Standard
Victory
Conquest
Starting age
Dark Age
Ending age
Imperial Age
RankedLock teamsTeams togetherTeam positionsShared explorationLock speedFull tech treeHidden civsTurbo modeCheats
Victory
Defeat
🇨🇴 Hindustanis · Colombia
715
+14
🇨🇱 Celts · Chile
681
-14
cdlm
2:02 Loom
12:58 Feudal Age
13:44 Town Watch
13:55 Double-Bit Axe
13:52 Horse Collar
19:33 Castle Age
18:45 Padded Archer Armor
20:06 Elite Skirmisher
22:03 Fletching
25:21 Pikeman
26:45 Town Patrol
27:37 Heavy Plow
32:15 Imperial Age
30:31 Wheelbarrow
30:45 Gold Mining
32:54 Hand Cart
33:35 Stronghold
34:55 Capped Ram
36:22 Halberdier
39:04 Light Cavalry
39:45 Husbandry
juanse071213
1:28 Loom
11:28 Feudal Age
13:15 Wheelbarrow
12:43 Horse Collar
12:51 Double-Bit Axe
17:16 Castle Age
15:37 Scale Mail Armor
17:07 Forging
17:50 Pikeman
19:17 Squires
24:08 Scale Barding Armor
24:13 Husbandry
24:22 Heavy Plow
25:45 Chain Barding Armor
28:43 Padded Archer Armor
28:33 Fletching
33:25 Imperial Age
31:30 Bodkin Arrow
32:16 Bow Saw
33:41 Iron Casting
34:30 Conscription
35:20 Chemistry
34:48 Leather Archer Armor
35:57 Ballistics
39:08 Blast Furnace
38:09 Bracer
38:39 Ring Archer Armor
38:44 Light Cavalry
39:34 Bloodlines
39:44 Gold Mining
44:18 Plate Barding Armor
Connection lost

Rejoining the realm…

Still unreachable

The connection could not be restored.

Session expired

The server has moved on; the page needs a fresh start.